 Dungeon Crawl Stone Soup version 0.25-a0-474-ga8a2ee3166 (webtiles) character file.

Game seed: 4410448619263854866, levelgen mode: deterministic

506 funkygono the Conjurer (level 6, 0/46 HPs)
             Began as a Draconian Conjurer on Feb 6, 2020.
             Slain by a hound (6 damage)
             ... on level 4 of the Dungeon.
             The game lasted 00:08:46 (3183 turns).

funkygono the Conjurer (Draconian Conjurer)         Turns: 3183, Time: 00:08:47

Health: 0/46       AC:  6    Str: 11    XL:     6   Next: 97%
Magic:  1/12       EV: 12    Int: 17    God:
Gold:   132        SH:  0    Dex: 11    Spells: 4/14 levels left

rFire    + . .     SeeInvis .   e - +3 dagger (speed)
rCold    x . .     Gourm    .   (no shield)
rNeg     + . .     Faith    .   (armour unavailable)
rPois    .         Spirit   .   (helmet restricted)
rElec    .         Reflect  .   (no cloak)
rCorr    .         Harm     +   (no gloves)
MR       .....                  (no boots)
Stlth    ++........             n - amulet of harm
HPRegen  0.15/turn              k - ring of positive energy
MPRegen  0.13/turn              g - ring of fire

@: no status effects
A: unfitting armour, cold-blooded, AC +6
a: no special abilities


You were on level 4 of the Dungeon.
You were not hungry.

You visited 1 branch of the dungeon, and saw 4 of its levels.

You collected 132 gold pieces.

Inventory:

Hand Weapons
 e - a +3 dagger of speed (weapon)
 h - a +1 dagger of freezing
Missiles
 a - 144 stones (quivered)
Jewellery
 f - an uncursed ring of poison resistance
 g - a ring of fire (right hand)
 k - a ring of positive energy (left hand)
 n - an amulet of harm (around neck)
Wands
 d - a wand of disintegration (11)
 o - a wand of scattershot (4)
Scrolls
 i - 3 scrolls of identify
 l - 2 scrolls of remove curse
 m - 4 scrolls of teleportation
Potions
 c - a potion of flight {unknown}
 j - a potion of brilliance
Comestibles
 b - 3 rations
 p - 2 chunks of flesh


   Skills:
 + Level 0.8 Fighting
 + Level 2.1 Dodging
 + Level 2.9 Stealth
 + Level 4.5 Spellcasting
 + Level 6.3 Conjurations


You had 4 spell levels left.
You knew the following spells:

 Your Spells              Type           Power        Failure   Level  Hunger
a - Magic Dart            Conj           ####         1%          1    None
b - Searing Ray           Conj           ####..       1%          2    ##.....
c - Dazzling Flash        Conj/Hex       ##....       12%         3    ###....
d - Iskenderun's Mystic   Conj/Tloc      ##......     38%         4    ####...

Your spell library contained the following spells:

 Spells                   Type           Power        Failure   Level  Hunger
 Fulminant Prism          Conj/Hex       ##........   38%         4    ####...


Dungeon Overview and Level Annotations

Branches:
Dungeon (4/15)
 Temple: D:4-7

Altars:
Cheibriados
Hepliaklqana
Kikubaaqudgha
Qazlal
Wu Jian

Annotations:
D:4 1 transporter


Innate Abilities, Weirdness & Mutations

Your plain brown scales are hard. (AC +6)
You cannot fit into any form of body armour.
You are cold-blooded and may be slowed by cold attacks.


Message History

The hound barks!
The hound bites you.
* * * LOW HITPOINT WARNING * * *
The hound bites you.
* * * LOW HITPOINT WARNING * * *
The hound barely misses you.
Casting: Magic Dart (safe; 1% risk of failure)
Confirm with . or Enter, or press ? or * to list all spells.
Aiming: Magic Dart (safe; 1% risk of failure)
Press: ? - help, Shift-Dir - straight line, f - hound
Aim: a hound The magic dart hits the hound.
The hound is lightly wounded.
The hound bites you.
* * * LOW HITPOINT WARNING * * *
The hound bites you but does no damage.
You hit the hound.
The hound is heavily wounded.
The hound bites you.
You die...

#######.#.# # ...)..>...###
# #... ###.##..#<..## #
####... #..........# #
(........# #...#.#.#..# #
######w..#######.#.#..#####
.©...##..+.......#....#....
#.#..8#..#...########.#.###
...#$$#.##@h.##.......#.#
.....$_#..#...##.#######.#
.©....$a#©.....##.........#
....../5#......############
.#...#[z#.######
..#.#..8#.# .......##%#
########†.# .........##


You could see a hound.

Vanquished Creatures
  An ogre (D:4)
  2 howler monkeys (D:4)
  An orc priest (D:2)
  A bullfrog skeleton (D:3)
  Jessica (D:3)
  3 worker ants (D:4)
  4 gnolls (D:3)
  7 adders
  2 oozes (D:1)
  An adder skeleton (D:4)
  A worm (D:4)
  A dart slug (D:3)
  4 leopard geckos
  4 orcs (D:2)
  2 giant cockroaches
  5 hobgoblins
  4 jackals
  A quokka (D:2)
  A ball python (D:2)
  6 bats
  4 frilled lizards
  10 goblins
  8 kobolds
  6 rats
80 creatures vanquished.

Vanquished Creatures (others)
  A scorpion (D:4)
  A hound (D:4)
  A worker ant (D:4)
  A worm (D:4)
  A leopard gecko (D:4)
5 creatures vanquished.

Grand Total: 85 creatures vanquished

Notes
Turn   | Place    | Note
-------+----------+-------------------------------------------
     0 | D:1      | funkygono the Draconian Conjurer began the quest for the
                  | Orb.
     0 | D:1      | Reached XP level 1. HP: 14/14 MP: 3/3
   148 | D:1      | Reached XP level 2. HP: 18/20 MP: 0/5
   178 | D:1      | Learned a level 2 spell: Searing Ray
   614 | D:1      | Reached XP level 3. HP: 26/26 MP: 2/6
   946 | D:2      | Learned a level 3 spell: Dazzling Flash
  1020 | D:2      | Reached skill level 5 in Conjurations
  1020 | D:2      | Reached XP level 4. HP: 17/33 MP: 3/7
  1303 | D:2      | Found an ornate altar of the Wu Jian Council.
  1917 | D:3      | Noticed Jessica
  1926 | D:3      | Reached XP level 5. HP: 39/39 MP: 0/9
  2019 | D:3      | Killed Jessica
  2398 | D:3      | Found a stormy altar of Qazlal.
  2627 | D:3      | Found a faded altar of an unknown god.
  2824 | D:4      | Learned a level 4 spell: Iskenderun's Mystic Blast
  2835 | D:4      | Noticed an ogre
  2842 | D:4      | Killed an ogre
  2842 | D:4      | Reached skill level 6 in Conjurations
  2842 | D:4      | Reached XP level 6. HP: 29/46 MP: 1/12
  3079 | D:4      | Found an ancient bone altar of Kikubaaqudgha.
  3080 | D:4      | Found a hazy altar of Hepliaklqana.
  3081 | D:4      | Found a snail-covered altar of Cheibriados.
  3086 | D:4      | Found a transporter.
  3183 | D:4      | Slain by a hound

Levels and vault maps discovered:
D:1:      erik_arrival_gehennom, layout_basic
D:2:      layout_basic, old_standard_altar
D:3:      layout_rooms, grunt_qazlal_sundering, chequers_ecumenical_altar_grove,
          uniq_jessica
D:4:      layout_basic, kennysheep_mini_moat, gammafunk_temple_overflow_arena,
          kennysheep_mini, minmay_temple_entry_drinking_statues,
          xom_confusion_cloud

Skill      XL: |  1  2  3  4  5 |
---------------+----------------+-----
Stealth        | 2 |  2.9
Dodging        | 2 |  2.1
Conjurations   | 5 6 |  6.3
Spellcasting   | 3 4 |  4.5
Fighting       | |  0.8

Action                   |  1- 3 |  4- 6 || total
-------------------------+-------+-------++-------
Melee: Dagger            |    14 |    20 ||    34
       Unarmed           |     6 |       ||     6
       Tailslap          |     3 |     2 ||     5
 Cast: Magic Dart        |    58 |    85 ||   143
       Searing Ray       |     1 |    10 ||    11
  Use: Scroll            |     2 |     4 ||     6
  Eat: Chunk             |     1 |     7 ||     8
Armor: Skin              |     4 |     9 ||    13
Dodge: Dodged            |    15 |    14 ||    29

Table legend:
 A = Non-vault XP
 B = Vault XP
 C = Vault XP percentage of total XP
 D = Non-vault monster count
 E = Vault monster count
 F = Vault count percentage of total count
                 A         B        C        D         E       F
            +---------+---------+-------+---------+---------+-------
      Total |     669 |      54 |   7.5 |      74 |       6 |   7.5
            +---------+---------+-------+---------+---------+-------
        D:1 |      34 |      17 |  33.3 |      23 |       5 |  17.9
        D:2 |     112 |       0 |   0.0 |      21 |       0 |   0.0
        D:3 |     147 |      37 |  20.1 |      19 |       1 |   5.0
        D:4 |     376 |       0 |   0.0 |      11 |       0 |   0.0
            +---------+---------+-------+---------+---------+-------
